Map: King Sejong Station LE

Players

hydra

  • Race: Zerg Zerg
  • League: Master

speaknow (ByuN) - Winner!

  • Race: Terran Terran

VOD

Have the link to the VOD?

Description

Time

  • Played on: June 10, 2016, 6:05 p.m.
  • Length: 6:12
Show
View Real Time Build Order
Export as new Build Order

hydra Zerg 

Build Orders: Hatch First 

Get SALT Encoding   

  12  0:00  Drone  
  13  0:12  Overlord  
  13  0:17  Drone  
  14  0:30  Drone x2  
  14  0:34  Drone  
  17  0:51  Hatchery  
  17  0:54  Drone  
  17  0:57  Drone  
  18  1:07  Extractor  
  17  1:13  Spawning Pool  
  17  1:16  Drone  
  17  1:19  Drone  
  18  1:27  Drone  
  19  1:38  Drone  
  20  1:49  Overlord  
  20  2:00  Queen  
  22  2:02  Queen  
  22  2:04  Zergling x4  
  22  2:07  Metabolic Boost  
  26  2:14  Zergling x2  
  26  2:15  Drone  
  28  2:22  Drone  
  29  2:24  Drone  
  30  2:33  Drone  
  30  2:36  Overlord  
  31  2:37  Queen  
  31  2:43  Pneumatized Carapace  
  33  2:46  Drone  
  33  2:49  Drone  
  35  2:54  Drone  
  35  2:57  Overlord  
  36  3:06  Drone  
  36  3:07  Drone  
  36  3:09  Drone x2  
  36  3:10  Drone  
  36  3:12  Drone  
  42  3:13  Drone  
  42  3:15  Drone  
  42  3:17  Drone  
  45  3:31  Hatchery  
  44  3:37  Queen  
  46  3:41  Queen  
  46  3:44  Drone  
  46  3:46  Drone  
  46  3:47  Drone  
  51  3:49  Overlord  
  51  3:53  Overlord  
  51  4:00  Spore Crawler  
  50  4:06  Evolution Chamber  
  50  4:08  Evolution Chamber, Drone x3  
  51  4:10  Extractor, Drone  
  51  4:16  Zergling x6  
  54  4:20  Drone  
  55  4:25  Overlord x2  
  55  4:31  Baneling Nest  
  54  4:45  Drone  
  55  4:46  Drone x3  
  55  4:52  Drone  
  59  4:53  Zergling x14  
  59  4:58  Zergling x2  
  66  5:03  Zergling x2  
  59  5:13  Zergling x4  
  50  5:18  Zergling x6  
Show
View Real Time Build Order
Export as new Build Order

speaknow Terran - Winner!

Build Orders: Reaper Expand 

Get SALT Encoding   

  12  0:00  SCV  
  13  0:13  SCV  
  14  0:17  Supply Depot  
  14  0:25  SCV  
  15  0:38  SCV  
  15  0:40  Barracks  
  16  0:44  Refinery  
  16  0:50  SCV  
  17  1:03  SCV  
  18  1:15  SCV  
  19  1:27  Orbital Command, Reaper  
  20  1:39  Command Center  
  20  1:50  Barracks  
  20  1:53  SCV  
  21  1:59  Barracks Reactor  
  21  2:03  Supply Depot  
  21  2:07  SCV  
  22  2:12  Refinery  
  22  2:19  SCV  
  23  2:27  Factory  
  23  2:32  SCV  
  24  2:37  Marine  
  24  2:38  Marine  
  24  2:40  Barracks Tech Lab  
  24  2:44  SCV  
  27  2:51  Orbital Command  
  27  2:55  Marine x2  
  27  2:56  SCV  
  30  3:01  Stimpack  
  30  3:08  SCV  
  30  3:09  Marine  
  32  3:14  Marine x2  
  34  3:22  Starport, Factory Reactor  
  34  3:25  SCV  
  34  3:26  SCV  
  36  3:32  Marine x2  
  38  3:34  Marine  
  38  3:38  SCV x2  
  41  3:43  Supply Depot  
  41  3:50  SCV  
  41  3:51  SCV, Marine x2  
  41  3:52  Marine  
  46  3:55  Supply Depot  
  46  4:05  SCV x2  
  46  4:06  Medivac x2  
  46  4:09  Marine x2  
  54  4:13  Supply Depot  
  54  4:17  SCV x2  
  56  4:24  Supply Depot  
  56  4:28  Refinery  
  56  4:29  SCV x2  
  56  4:30  Marine x3  
  61  4:36  Bunker, Factory Reactor  
  61  4:42  SCV x2  
  63  4:47  Supply Depot  
  63  4:48  Engineering Bay  
  63  4:51  Engineering Bay  
  63  4:54  Marine x3  
  63  5:12  Marine x2  
  63  5:13  Marine  
  60  5:30  Marine x3  
  60  5:48  Marine  
  60  5:49  Marauder  
Tags
 
Add a new tag
Caveats
  • Supply blocks, unpowered buildings, or Contaminate may cause inaccurate times.
  • Supply counts are checked every 10 seconds.